 Dungeon Crawl Stone Soup version 0.31-a0-20-g13bd767e95 (webtiles) character file.

Game seed: 7124119546399208055

345 Bennjico the Covered (level 6, 0/56 HPs)
             Began as a Minotaur Fighter on May 13, 2023.
             Slain by Grinder (2 damage)
             ... on level 3 of the Dungeon.
             The game lasted 00:03:54 (2634 turns).

Bennjico the Covered (Minotaur Fighter)             Turns: 2634, Time: 00:03:55

Health: 0/56       AC:  7    Str: 23    XL:     6   Next: 32%
Magic:  5/5        EV: 10    Int:  5    God:
Gold:   179        SH:  4    Dex:  9    Spells: 5/5 levels left

rFire   . . .        a - +0 war axe
rCold   . . .        c - +0 buckler
rNeg    . . .        b - +0 scale mail
rPois   +            (helmet restricted)
rElec   .            (no cloak)
rCorr   .            (no gloves)
SInv    .            (no boots)
Will    .....        (no amulet) Stlth
                     f - ring of poison resistance
HPRegen 0.29/turn    (no ring)
MPRegen 0.09/turn

%: no passive effects
@: no status effects
A: horns 2, retaliatory headbutt
a: no special abilities


You were on level 3 of the Dungeon.
You visited 1 branch of the dungeon, and saw 3 of its levels.

You collected 179 gold pieces.

Inventory:

Hand Weapons
 a - a +0 war axe (weapon)
Armour
 b - a +0 scale mail (worn)
 c - a +0 buckler (worn)
Jewellery
 f - a ring of poison resistance (left hand)
Wands
 d - a wand of roots (1)
Potions
 g - a potion of attraction {unknown}
 h - a potion of mutation {unknown}


   Skills:
 + Level 5.0 Fighting
 + Level 4.2 Axes
 + Level 5.0 Armour
 + Level 2.7 Dodging
 + Level 5.0 Shields


You had 5 spell levels left.
You didn't know any spells.
Your spell library contained the following spells:

 Spells                   Type           Power      Damage    Failure   Level
 Beastly Appendage        Tmut           0%         N/A       83%         1
 Wereblood                Tmut           0%         N/A       93%         2
 Spider Form              Tmut/Pois      0%         N/A       99%         3


Dungeon Overview and Level Annotations

Branches:
Dungeon (3/15)

Altars:
Qazlal

Annotations:
D:3 Grinder


Innate Abilities, Weirdness & Mutations

You have a pair of horns on your head.
You reflexively headbutt those who attack you in melee.


Message History

Grinder hits you but does no damage. Grinder completely misses you.
You barely miss Grinder. Your headbutt misses Grinder.
Grinder is heavily wounded.
Grinder hits you!
You slash Grinder!
Grinder is severely wounded.
Grinder hits you.
* * * LOW HITPOINT WARNING * * *
You writhe in agony.
* * * LOW HITPOINT WARNING * * *
You closely miss Grinder.
Grinder is severely wounded.
Grinder hits you but does no damage. Grinder closely misses you.
You hit Grinder but do no damage.
Grinder is severely wounded.
Grinder gestures at you. Pain shoots through your body!
* * * LOW HITPOINT WARNING * * *
Unknown command.
You closely miss Grinder.
Grinder is severely wounded.
Grinder closely misses you. You furiously retaliate!
You headbutt Grinder.
Unknown command.
You closely miss Grinder. Your headbutt misses Grinder.
Grinder is almost dead.
Grinder hits you but does no damage. x2
Unknown command.
You closely miss Grinder.
Grinder is almost dead.
Grinder hits you.
* * * LOW HITPOINT WARNING * * *
You writhe in agony.
* * * LOW HITPOINT WARNING * * *
Unknown command.
You closely miss Grinder. Your headbutt misses Grinder.
Grinder is severely wounded.
Grinder hits you.
* * * LOW HITPOINT WARNING * * *
You writhe in agony.
You die...

### #... ## #.#.
.. ##.#.###.##
##....... .
#.... ..#.#
#...##.#.#
#...@...#
#####5### 5 #.#
g. ####)# ...
##.##.# .g..
##...#.## .....
#.......+......
##...##.§.......
#..###§##......


You could see Grinder.

Vanquished Creatures
  An orc priest (D:3)
  Ijyb (D:3)
  A scorpion zombie (D:3)
  Terence (D:2)
  Natasha (thrice) (D:2)
  A hound skeleton (D:3)
  Robin (D:2)
  3 adders
  4 gnolls (D:2)
  A dart slug (D:1)
  3 orcs (D:3)
  2 ball pythons (D:1)
  4 bats
  5 endoplasms
  3 giant cockroaches
  13 goblins
  10 hobgoblins
  3 jackals (D:3)
  A quokka (D:3)
  2 frilled lizards (D:1)
  A giant cockroach zombie (D:3)
  A jackal zombie (D:3)
  5 kobolds
  3 rats (D:2)
73 creatures vanquished.

Notes
Turn   | Place    | Note
-------+----------+-------------------------------------------
     0 | D:1      | Bennjico the Minotaur Fighter began the quest for the Orb.
     0 | D:1      | Reached XP level 1. HP: 19/19 MP: 0/0
   312 | D:1      | Reached XP level 2. HP: 27/27 MP: 1/1
   818 | D:2      | Noticed Natasha
   826 | D:2      | Killed Natasha
   827 | D:2      | Reached skill level 1 in Dodging
   827 | D:2      | Reached XP level 3. HP: 12/33 MP: 2/2
   950 | D:2      | Noticed Natasha
   959 | D:2      | Killed Natasha
   960 | D:2      | Reached XP level 4. HP: 8/40 MP: 3/3
  1152 | D:2      | Noticed Terence
  1163 | D:2      | Killed Terence
  1313 | D:2      | Found a faded altar of an unknown god.
  1523 | D:2      | Reached XP level 5. HP: 37/47 MP: 4/4
  1604 | D:2      | Noticed Robin
  1626 | D:2      | Killed Robin
  1847 | D:2      | Noticed Natasha
  1862 | D:2      | Killed Natasha
  2461 | D:3      | Found a stormy altar of Qazlal.
  2484 | D:3      | Reached XP level 6. HP: 54/55 MP: 5/5
  2585 | D:3      | Noticed Ijyb
  2585 | D:3      | Noticed Grinder
  2609 | D:3      | Killed Ijyb
  2610 | D:3      | Reached skill level 5 in Fighting
  2610 | D:3      | Reached skill level 5 in Armour
  2610 | D:3      | Reached skill level 5 in Shields
  2621 | D:3      | Paralysed by Grinder for 3 turns
  2634 | D:3      | HP: 2/56 [Grinder (3)]
  2634 | D:3      | Slain by Grinder

Illustrated notes

Levels and vault maps discovered:
D:1:      dpeg_arrival_tiny_f, layout_basic
D:2:      minmay_door_path, layout_loops_corners, nicolae_ecumenical_oubliette,
          uniq_terence, uniq_natasha, uniq_robin
D:3:      layout_loops_corners, nicolae_elyvilon_temple_path,
          mainiacjoe_overflow_concentric_impassable, serial_undead,
          serial_undead_b, serial_undead_c, serial_undead_d, serial_undead_f,
          uniq_ijyb, uniq_grinder

Skill      XL: |  1  2  3  4  5  6 |
---------------+-------------------+-----
Fighting       | 4 5 |  5.0
Axes           | 3 4 |  4.2
Armour         | 4 5 |  5.0
Dodging        | 1 2 |  2.7
Shields        | 4 5 |  5.0

Action                     |  1- 3 |  4- 6 || total
---------------------------+-------+-------++-------
  Melee: War axe           |    49 |   154 ||   203
         Headbutt          |     5 |    26 ||    31
    Use: Scroll            |     3 |     2 ||     5
         Potion            |     1 |     1 ||     2
 Armour: Scale mail        |    18 |    72 ||    90
  Dodge: Dodged            |    28 |    77 ||   105
  Block: Buckler           |    15 |    44 ||    59

Table legend: (Time is in decaauts)
 A = Elapsed time spent in this place.
 B = Non-inter-level travel time spent in this place.
 C = Inter-level travel time spent in this place.
 D = Time resting spent in this place.
 E = Time spent auto-exploring this place.
 F = Levels seen in this place.
 G = Mean time per level.
                   A        B        C        D        E       F      G
               +--------+--------+--------+--------+--------+-----+--------+
         Total |   2730 |   2644 |     86 |      2 |   2143 |   3 |  910.0 |
       Dungeon |   2730 |   2644 |     86 |      2 |   2143 |   3 |  910.0 |
               +--------+--------+--------+--------+--------+-----+--------+

Top non-repeatable levels by time:
     D:2: 1730 daAuts
     D:1: 797 daAuts
     D:3: 202 daAuts
